 Dungeon Crawl Stone Soup version 0.27.0-1-g7a089689b8 (webtiles) character file.

Game seed: 3089172767363180520

140 horus123 the Skirmisher (level 5, 0/41 HPs)
             Began as a Demonspawn Abyssal Knight on Aug 15, 2021.
             Was a Follower of Lugonu.
             Succumbed to an orc wizard's poison
             ... on level 4 of the Dungeon.
             The game lasted 00:07:54 (4434 turns).

horus123 the Skirmisher (Demonspawn Abyssal Knight) Turns: 4434, Time: 00:07:55

Health: 0/41       AC:  5    Str: 13    XL:     5   Next: 2%
Magic:  4/7        EV: 26    Int: 14    God:    Lugonu [*.....]
Gold:   73         SH:  0    Dex: 12    Spells: 4/7 levels left

rFire    . . .     SeeInvis .   e - +1 scimitar (vorpal)
rCold    . . .     Faith    .   (no shield)
rNeg     . . .     Spirit   .   b - +0 leather armour
rPois    +         Reflect  .   (helmet restricted)
rElec    .         Harm     .   (no cloak)
rCorr    .         Rampage  .   (no gloves)
Will     .....                  (no boots)
Stlth    +.........             d - amulet of the acrobat
HPRegen  0.13/turn              i - ring of poison resistance
MPRegen  0.10/turn              (no ring)

@: lethally poisoned (0 -> -10), acrobatic
A: horns 1, thin metallic scales 1, spiny 1
a: Renounce Religion, Depart the Abyss


You were on level 4 of the Dungeon.
You worshipped Lugonu.
Lugonu was aware of your devotion.
You visited 1 branch of the dungeon, and saw 4 of its levels.
You visited the Abyss 1 time.

You collected 73 gold pieces.

Inventory:

Hand Weapons
 e - a +1 vorpal scimitar (weapon)
Armour
 b - a +0 leather armour (worn)
Magical Staves
 f - a staff of conjuration
Jewellery
 d - an amulet of the acrobat (around neck)
 i - a ring of poison resistance (left hand)
Scrolls
 a - 2 scrolls of enchant armour {unknown}
 g - a scroll of immolation
Potions
 c - a potion of flight {unknown}
 h - a potion of lignification {unknown}
 j - a potion of mutation {unknown}
 k - 2 potions of curing {unknown}
 m - a potion of ambrosia {unknown}


   Skills:
 + Level 3.4 Fighting
 + Level 2.3 Long Blades
 * Level 0.9 Staves
 + Level 2.3 Armour
 + Level 1.0 Dodging
 + Level 0.5 Stealth
 * Level 1.7 Spellcasting
 * Level 1.5 Conjurations
 * Level 3.1 Invocations


You had 4 spell levels left.
You knew the following spells:

 Your Spells              Type           Power      Damage    Failure   Level
a - Magic Dart            Conj           20%        1d4       17%         1
b - Searing Ray           Conj           10%        3d3       26%         2

Your spell library contained the following spells:

 Spells                   Type           Power      Damage    Failure   Level
 Blink                    Tloc           N/A        N/A       43%         2
 Lesser Beckoning         Tloc           0%         N/A       67%         3
 Fulminant Prism          Conj/Hex       1%         3d6       92%         4
 Manifold Assault         Tloc           1%         N/A       100%        5


Dungeon Overview and Level Annotations

Branches:
Dungeon (4/15)             Temple (0/1) D:4

Altars:
Gozag

Shops:
D:4 !


Innate Abilities, Weirdness & Mutations

You have a pair of small horns on your head.
You are partially covered in thin metallic scales. (AC +2)
You are partially covered in sharp spines.


Message History

* * * LOW HITPOINT WARNING * * *
You closely miss the orc wizard. The orc wizard barely misses you.
The orc closely misses you.
You riposte.
You barely miss the orc. The orc closely misses you.
You closely miss the orc wizard. The orc wizard closely misses you.
The orc hits you with a +0 short sword.
* * * LOW HITPOINT WARNING * * *
The orc hits you from afar with a +0 trident.
* * * LOW HITPOINT WARNING * * *
The orc wizard misses you. The orc barely misses you.
The orc closely misses you. The orc completely misses you.
You riposte.
You hit the orc.
You kill the orc!
Lugonu accepts your kill.
You have reached level 5!
Your demonic ancestry asserts itself...
Sharp spines emerge from parts of your body.
The kobold completely misses you. The kobold is struck by your spines.
The kobold completely misses you.
You riposte.
You hit the kobold.
You kill the kobold!
Lugonu accepts your kill. The orc wizard casts a spell at you.
The puff of flame misses you.
The orc wizard mumbles some strange words.
The orc wizard flickers and vanishes!
Deactivating autopickup; reactivate with Ctrl-A.
The orc is struck by your spines.
You kill the orc!
Lugonu accepts your kill.
You see here a +0 falchion.
Found 2 scrolls labelled AZXICUPNOUCU.
You see here 2 scrolls labelled AZXICUPNOUCU.
a - 2 scrolls labelled AZXICUPNOUCU Something hits you but does no damage.
Something hits you.
* * * LOW HITPOINT WARNING * * *
You are lethally poisoned!
You die...

,,* ##.## #.8.<.∩.8.##*** *,*
#...# ####.###### ,,* #...# #.#
,,* #...# ####### #.# *******
,,*#####...###.....# #<# *,,,,,*
,.##...............# #.#***,,,,,*
,................#.# #.#*,,,,,,,*
*,*#...........#.#.###.##.*,,,,,*
*,*#####.).###.(@.........*,,,,,*
*,* #.......#.###{#.#####*******
*,* #.#.))#.#.....#,# ,,*
#.#...#.##.#.##,*
*****#,##....).###.#,*
,,,,,,,*######## *##,************
*,**,*,,,**##_##* *,*,,,,,,,,,,,
*,**,*,,,*#8...8# *,*,*****,,***
*,,,,*,***#.....#* *,,,,,,**,,*


There were no monsters in sight!

Vanquished Creatures
  A hound (D:4)
  A hound skeleton (D:3)
  4 adders
  A dart slug (D:1)
  4 orcs
  2 endoplasms
  3 giant cockroaches
  8 goblins
  5 hobgoblins
  6 jackals
  2 ball pythons
  2 bats
  4 frilled lizards
  6 kobolds
  7 rats
56 creatures vanquished.

Notes
Turn   | Place    | Note
-------+----------+-------------------------------------------
     0 | Abyss:1  | horus123 the Demonspawn Abyssal Knight began the quest for
                  | the Orb.
     0 | Abyss:1  | Reached XP level 1. HP: 18/18 MP: 2/2
    49 | Abyss:1  | Noticed a smoke demon
    75 | Abyss:1  | Noticed a smoke demon
    78 | D:1      | Escaped the Abyss
   734 | D:1      | Gained mutation: You have a pair of small horns on your
                  | head. [demonic ancestry]
   734 | D:1      | Reached XP level 2. HP: 24/24 MP: 3/3
   752 | D:1      | Reached * piety under Lugonu
  1670 | D:1      | Learned a level 1 spell: Magic Dart
  2113 | D:2      | Found a faded altar of an unknown god.
  2210 | D:2      | Gained mutation: You are partially covered in thin metallic
                  | scales. (AC +2) [demonic ancestry]
  2210 | D:2      | Reached XP level 3. HP: 28/29 MP: 1/4
  3904 | D:3      | Reached XP level 4. HP: 33/35 MP: 0/6
  3971 | D:3      | Reached skill level 1 in Spellcasting
  4101 | D:3      | Reached skill level 1 in Conjurations
  4291 | D:3      | Learned a level 2 spell: Searing Ray
  4342 | D:4      | Found Fuazyos's Distillery.
  4356 | D:4      | Found an opulent altar of Gozag.
  4377 | D:4      | Reached skill level 1 in Dodging
  4417 | D:4      | Gained mutation: You are partially covered in sharp spines.
                  | [demonic ancestry]
  4417 | D:4      | Reached XP level 5. HP: 3/41 MP: 2/7
  4434 | D:4      | Succumbed to an orc wizard's poison

Illustrated notes

Levels and vault maps discovered:
D:1:      mrwooster_arrival_statue, layout_basic
D:2:      layout_rooms, ebering_ecumenical_altar_hall
D:3:      layout_basic
D:4:      layout_loops_cross, nicolae_ru_path_of_blood,
          nicolae_overflow_hidden_temple, minmay_temple_entry_mist,
          serial_shops, shop_statue

Skill      XL: |  1  2  3  4 |
---------------+-------------+-----
Armour         | 2 |  2.3
Long Blades    | 2 |  2.3
Invocations    | 3 |  3.1
Spellcasting   | 1 |  1.7
Conjurations   | 1 |  1.5
Dodging        | 1 |  1.0
Fighting       | |  3.4
Staves         | |  0.9
Stealth        | |  0.5

Action                   |  1- 3 |  4- 6 || total
-------------------------+-------+-------++-------
Melee: Falchion          |    70 |       ||    70
       Headbutt          |    10 |     4 ||    14
       Scimitar          |    15 |     5 ||    20
       Staff             |     1 |    27 ||    28
 Cast: Magic Dart        |    45 |    22 ||    67
Invok: Depart the Abyss  |     1 |       ||     1
  Use: Scroll            |     4 |     2 ||     6
Armor: Leather armour    |    21 |    24 ||    45
Dodge: Dodged            |    67 |    34 ||   101
       Rpst.: Falchion   |    15 |       ||    15
       Scimitar          |     4 |     4 ||     8
